 Dungeon Crawl Stone Soup version 0.24-a0-762-gca426f5 (webtiles) character file.

Game seed: 9678811282238604051, levelgen mode: deterministic

462 2tousent the Caller (level 7, 0/46 HPs)
             Began as a Barachi Summoner on Oct 3, 2019.
             Was an Initiate of Elyvilon.
             Slain by an iguana (8 damage)
             ... on level 4 of the Dungeon.
             The game lasted 00:21:02 (4683 turns).

2tousent the Caller (Barachi Summoner)              Turns: 4683, Time: 00:21:02

Health: 0/46       AC:  2    Str: 11    XL:     7   Next: 7%
Magic:  0/22       EV: 12    Int: 16    God:    Elyvilon [......]
Gold:   283        SH:  0    Dex: 12    Spells: 7/14 levels left

rFire    . . .     SeeInvis .   h - +0 scythe
rCold    . . .     Gourm    .   (shield currently unavailable)
rNeg     . . .     Faith    .   a - +0 robe
rPois    .         Spirit   .   (no helmet)
rElec    .         Reflect  .   (no cloak)
rCorr    .         Harm     .   (no gloves)
MR       .....                  (no boots)
Stlth    ++........             (no amulet)
HPRegen  0.15/turn              i - ring of magical power
MPRegen  0.18/turn              (no ring)

@: can't hop, slow
A: +LOS, swims, slowness 1, strong legs 1
a: Hop, Renounce Religion


You were on level 4 of the Dungeon.
You worshipped Elyvilon.
Elyvilon was noncommittal.
You were not hungry.

You visited 1 branch of the dungeon, and saw 4 of its levels.

You collected 283 gold pieces.

Inventory:

Hand Weapons
 f - a +0 dagger
 h - a +0 scythe (weapon)
Armour
 a - a +0 robe (worn)
 o - a +2 scale mail of poison resistance
Jewellery
 i - a ring of magical power (left hand)
 k - an uncursed amulet of guardian spirit
Wands
 p - a wand of flame (17)
Scrolls
 b - 5 scrolls of remove curse {unknown}
 e - 2 scrolls of teleportation
 q - a scroll of identify
 t - a scroll of magic mapping {unknown}
Potions
 d - a potion of haste
 g - 2 potions of brilliance {unknown}
 j - a potion of lignification
 l - 4 potions of curing
 m - a potion of cancellation {unknown}
 n - 2 potions of might {unknown}
 r - a potion of mutation {unknown}
 s - a potion of ambrosia {unknown}
Comestibles
 c - 4 rations


   Skills:
 + Level 1.8 Polearms
 - Level 2.1 Dodging
 - Level 1.7 Stealth
 + Level 4.1 Spellcasting
 * Level 7.8 Summonings
 + Level 2.7 Air Magic


You had 7 spell levels left.
You knew the following spells:

 Your Spells              Type           Power        Failure   Level  Hunger
a - Summon Lightning Spi  Summ/Air       ###.....     19%         4    ####...
b - Call Canine Familiar  Summ           ####....     1%          3    ###....

Your spell library contained the following spells:

 Spells                   Type           Power        Failure   Level  Hunger
 Summon Small Mammal      Summ           ####         1%          1    None
 Call Imp                 Summ           ####....     1%          2    ##.....
 Summon Guardian Golem    Hex/Summ       ###.....     10%         3    ###....
 Summon Ice Beast         Ice/Summ       ###.....     32%         4    ####...


Dungeon Overview and Level Annotations

Branches:
Dungeon (4/15)
 Temple: D:4-7

Altars:
Elyvilon
Sif Muna
Uskayaw
Zin
The Shining One


Innate Abilities, Weirdness & Mutations

Shadows flee at your approach. (+LOS)
You can swim through water.
You cover ground slowly.
You can hop short distances.


Message History

An electric hum fills the air.
Attack whom?
Press: ? - help, Dir - move target cursor, f - iguana
Aim: an iguana (severely wounded)
You could not reach far enough!
The iguana bites your lightning spire! x2
Your lightning spire is destroyed!
Casting: Summon Lightning Spire (slightly dangerous; 19% risk of failure)
Confirm with . or Enter, or press ? or * to list all spells.
You don't have enough magic to cast that spell.
You feel sick.
You are no longer poisoned.
Found a pair of boots.
Your magical contamination has completely faded away.
Casting: Summon Lightning Spire (slightly dangerous; 19% risk of failure)
Confirm with . or Enter, or press ? or * to list all spells.
You don't have enough magic to cast that spell.
Casting: Summon Lightning Spire (slightly dangerous; 19% risk of failure)
Confirm with . or Enter, or press ? or * to list all spells.
The iguana bites you!
You die...

..........#..#..###.##.#.
.########.##...####.##.#.
#...............##.#.
#.###.##########...#. #.
#.# #.....#. #.###.#
#.....#. .h.#.# #.......
#.#l# #.....## #.@.#
#....... #.### ###.####
... #.#### #.## #.)...
... #.#### .[. ##.# #..
#..#### #.. #...... #[ #.
#.#####


You could see an iguana and a friendly hound.

Vanquished Creatures
  An adder (D:2)
  A worm (D:2)
  2 dart slugs (D:2)
  2 orcs (D:3)
  A ball python (D:2)
  A giant cockroach (D:2)
  3 goblins
  4 hobgoblins
  5 jackals
  3 kobolds
  A quokka (D:4)
  2 bats (D:2)
  8 rats
34 creatures vanquished.

Vanquished Creatures (collateral kills)
  Pikel (D:4)
  Sigmund (D:3)
  2 slaves (D:4)
  A scorpion (D:4)
  A hound (D:4)
  An orc wizard (D:4)
  4 adders (D:3)
  An ooze (D:1)
  A worm (D:2)
  2 leopard geckos
  7 orcs
  2 giant cockroaches
  5 goblins
  4 hobgoblins
  4 jackals
  A quokka (D:2)
  4 bats
  3 frilled lizards
  7 kobolds
  2 rats (D:1)
54 creatures vanquished.

Grand Total: 88 creatures vanquished

Notes
Turn   | Place    | Note
-------+----------+-------------------------------------------
     0 | D:1      | 2tousent the Barachi Summoner began the quest for the Orb.
     0 | D:1      | Reached XP level 1. HP: 13/13 MP: 3/3
    56 | D:1      | Reached skill level 5 in Summonings
   692 | D:1      | Reached XP level 2. HP: 19/19 MP: 1/5
  1208 | D:2      | Reached XP level 3. HP: 24/24 MP: 7/7
  1213 | D:2      | Learned a level 3 spell: Call Canine Familiar
  1815 | D:2      | Reached skill level 6 in Summonings
  2310 | D:2      | Reached XP level 4. HP: 27/30 MP: 8/8
  2484 | D:2      | Learned a level 4 spell: Summon Lightning Spire
  2809 | D:3      | Noticed Sigmund
  2834 | D:3      | Killed Sigmund
  2834 | D:3      | Reached skill level 1 in Air Magic
  2834 | D:3      | Reached XP level 5. HP: 7/35 MP: 2/10
  3393 | D:3      | Found a shimmering blue altar of Sif Muna.
  3609 | D:3      | Found a hide-covered altar of Uskayaw.
  3621 | D:3      | Found a glowing silver altar of Zin.
  3624 | D:3      | Found a glowing golden altar of the Shining One.
  4318 | D:4      | Reached skill level 7 in Summonings
  4328 | D:4      | Found a white marble altar of Elyvilon.
  4380 | D:4      | Became a worshipper of Elyvilon the Healer
  4423 | D:4      | Noticed Pikel
  4423 | D:4      | Noticed a slave
  4423 | D:4      | Noticed a slave
  4423 | D:4      | Noticed a slave
  4423 | D:4      | Noticed a slave
  4432 | D:4      | Killed a slave
  4432 | D:4      | Killed a slave
  4433 | D:4      | Killed Pikel
  4433 | D:4      | Reached skill level 1 in Polearms
  4433 | D:4      | Reached XP level 6. HP: 41/41 MP: 12/12
  4652 | D:4      | Reached XP level 7. HP: 16/46 MP: 12/13
  4683 | D:4      | Slain by an iguana

Levels and vault maps discovered:
D:1:      minmay_arrival_nine_rooms, layout_rooms, minmay_pentomino_o4
D:2:      layout_loops_ring
D:3:      layout_basic, grunt_temple_overflow_cloverleaf, corner_web_ring,
          uniq_sigmund
D:4:      layout_loops_ring, first_ration, elyvilon_altar_4, uniq_pikel

Skill      XL: |  1  2  3  4  5 |
---------------+----------------+-----
Summonings     | 5 6 7 |  7.8
Spellcasting   | 3 4 |  4.1
Air Magic      | 1 2 |  2.7
Polearms       | 1 |  1.8
Dodging        | |  2.1
Stealth        | |  1.7

Action                   |  1- 3 |  4- 6 |  7- 9 || total
-------------------------+-------+-------+-------++-------
Melee: Unarmed           |    32 |       |       ||    32
       Dagger            |   114 |    76 |       ||   190
       Scythe            |       |     9 |       ||     9
 Cast: Summon Small Mamm |    25 |       |       ||    25
       Call Canine Famil |     8 |    13 |     2 ||    23
       Summon Lightning  |       |    10 |     2 ||    12
 Abil: Hop               |     2 |     1 |     1 ||     4
  Use: Scroll            |     2 |     5 |       ||     7
 Stab: Sleeping          |     2 |       |       ||     2
       Distracted        |       |     1 |       ||     1
  Eat: Chunk             |     6 |     6 |       ||    12
       Ration            |       |     1 |     1 ||     2
Armor: Robe              |    23 |    20 |       ||    43
Dodge: Dodged            |   112 |    75 |       ||   187

Table legend:
 A = Non-vault XP
 B = Vault XP
 C = Vault XP percentage of total XP
 D = Non-vault monster count
 E = Vault monster count
 F = Vault count percentage of total count
                 A         B        C        D         E       F
            +---------+---------+-------+---------+---------+-------
      Total |     226 |     434 |  65.8 |      81 |       5 |   5.8
            +---------+---------+-------+---------+---------+-------
        D:1 |      30 |       3 |   9.1 |      23 |       3 |  11.5
        D:2 |      50 |       0 |   0.0 |      24 |       0 |   0.0
        D:3 |      61 |     110 |  64.3 |      24 |       1 |   4.0
        D:4 |      85 |     321 |  79.1 |      10 |       1 |   9.1
            +---------+---------+-------+---------+---------+-------
